 Dungeon Crawl Stone Soup version 0.17-a0-1767-gccbed74 (webtiles) character file.

1566 luca467 the Fighter (level 8, -2/61 HPs)
             Began as an Octopode Fighter on Sept 5, 2015.
             Was a Follower of Dithmenos.
             Slain by a slave (10 damage)
             ... led by Pikel
             ... on level 6 of the Dungeon on Sept 6, 2015.
             The game lasted 00:43:28 (6396 turns).

luca467 the Fighter (Octopode Fighter)              Turns: 6396, Time: 00:43:29

Health: -2/61      AC:  1    Str: 16    XL:     8   Next: 90%
Magic:  8/8        EV: 10    Int: 10    God:    Dithmenos [*.....]
Gold:   469        SH: 12    Dex: 13    Spells: 0 memorised, 7 levels left

rFire  . . .     SeeInvis .     a - +1 long sword
rCold  . . .     Clarity  .     b - +3 shield
rNeg   . . .     SustAt   .     (helmet restricted)
rPois  .         Gourm    .     (no amulet)
rElec  .         Spirit   .     (no ring)
rCorr  .         Warding  .     (no ring)
rMut   .         Stasis   .     (no ring)
MR     .....                    (no ring)
Stlth  +++.......               (no ring)
                                (no ring)
                                (no ring)
                                (no ring)

@: wreathed by umbra, not resistant to hostile enchantments, fairly stealthy
A: almost no armour, amphibious, 8 rings, constrict 8, camouflage 1, gelatinous
body 1
a: Renounce Religion


You were on level 6 of the Dungeon.
You worshipped Dithmenos.
Dithmenos was aware of your devotion.
You were not hungry.

You visited 2 branches of the dungeon, and saw 7 of its levels.

You collected 469 gold pieces.

Inventory:

Hand weapons
 a - a +1 long sword (weapon)
Missiles
 l - 2 tomahawks of returning (quivered)
Armour
 b - a +3 shield (worn)
Jewellery
 v - a +3 ring of strength {unknown}
Magical devices
 k - a wand of magic darts (23)
 m - a wand of cold (9)
Scrolls
 h - 2 scrolls of remove curse
 p - a scroll of random uselessness
 q - a scroll of identify
 r - a scroll of amnesia {unknown}
 s - a scroll of fog
 t - a scroll of teleportation {unknown}
Potions
 c - 2 potions of might
 e - 2 potions of flight
 g - 2 potions of magic
 n - 2 potions of poison {unknown}
 u - a potion of resistance {unknown}
 x - 2 potions of lignification {unknown}
Books
 o - a book of Air

   Spells                             Type                      Level
   a - Shock                          Conjuration/Air              1
   b - Swiftness                      Charms/Air                   2
   c - Repel Missiles                 Charms/Air                   2
   d - Static Discharge               Conjuration/Air              3
   e - Lightning Bolt                 Conjuration/Air              5
Comestibles
 d - 6 bread rations
 i - a royal jelly
 j - a meat ration
 w - a beef jerky


   Skills:
 + Level 8.0 Fighting
 + Level 8.0 Long Blades
 - Level 3.1 Dodging
 - Level 3.2 Shields


You had 7 spell levels left.
You didn't know any spells.

Dungeon Overview and Level Annotations

Branches:
Dungeon (6/15)             Temple (1/1) D:4

Altars:
Ashenzari
Dithmenos
Elyvilon
Fedhas
Gozag
Kikubaaqudgha
Makhleb
Nemelex Xobeh
Qazlal
Ru
Trog
Vehumet
Xom
Yredelemnul
The Shining One

Annotations:
D:6 Pikel


Innate Abilities, Weirdness & Mutations

You cannot wear most types of armour.
You are amphibious.
You can wear up to eight rings at the same time.
You can use your tentacles to constrict eight enemies at once.
Your skin changes colour to match your surroundings (Stealth).
Your rubbery body absorbs attacks (AC +1).


Message History

You constrict Pikel. The slave closely misses you.
Pikel says, "Slavery isn't that bad."
Pikel hits you with a whip of flaming! Pikel burns you.
You block the slave's attack.
You hit Pikel but do no damage.
Pikel is moderately wounded.
You constrict Pikel. The slave hits you. You block Pikel's attack.
The slave hits you! The slave closely misses you.
You slash Pikel!
Pikel is severely wounded.
You constrict Pikel. You block the slave's attack.
Pikel hits you with a whip of flaming! Pikel burns you.
* * * LOW HITPOINT WARNING * * *
You block the slave's attack. The slave hits you.
* * * LOW HITPOINT WARNING * * *
Drink which item? (? for menu, Esc to quit)
You feel better.
You constrict Pikel. The slave hits you!
* * * LOW HITPOINT WARNING * * *
The slave hits you!
You die...

.......+
......#+####+##+
#...............
#...............
+...............
#...p.........
#..pKp......
#@####'#######
......p........'...+
......#+#####.##.###
+###+#. ####†##.#
)...# #.......+ #..#
#.......# #..+
+......)# #.##
..#+##.##.#. #
#'###+#....#'##.#...


You could see Pikel and 4 slaves.

Vanquished Creatures
  Edmund (D:6)
  An ogre (D:4)
  2 phantoms
  An ice beast (D:6)
  A black bear (D:4)
  2 centaurs
  A necrophage (D:5)
  2 scorpions (D:4)
  2 crimson imps (D:5)
  6 orc wizards
  2 iguanas
  An orc priest (D:6)
  6 worker ants
  A hound skeleton (D:5)
  8 adders
  A shadow imp (D:5)
  3 oozes
  An adder zombie (D:6)
  2 adder skeletons (D:4)
  4 worms
  14 orcs
  10 bats
  5 giant cockroaches
  8 hobgoblins
  7 kobolds
  2 quokkas
  A ball python (D:2)
  12 giant newts
  12 goblins
  7 jackals
  2 quokka skeletons
  5 rats
  3 plants (D:3)
136 creatures vanquished.

Notes
Turn   | Place    | Note
--------------------------------------------------------------
     0 | D:1      | luca467 the Octopode Fighter began the quest for the Orb.
     0 | D:1      | Reached XP level 1. HP: 16/16 MP: 1/1
   267 | D:1      | Reached XP level 2. HP: 11/21 MP: 2/2
   538 | D:1      | Reached XP level 3. HP: 16/26 MP: 3/3
  1217 | D:2      | Reached XP level 4. HP: 19/33 MP: 4/4
  1360 | D:2      | Found a radiant altar of Vehumet.
  1576 | D:2      | Reached skill level 4 in Fighting
  2147 | D:3      | Reached XP level 5. HP: 31/37 MP: 5/5
  3000 | D:4      | Reached XP level 6. HP: 41/44 MP: 6/6
  3183 | D:4      | Found an opulent altar of Gozag.
  3195 | D:4      | Found a sparkling altar of Nemelex Xobeh.
  3213 | D:4      | Found a shattered altar of Ashenzari.
  3277 | D:4      | Found a staircase to the Ecumenical Temple.
  3286 | Temple   | Entered the Ecumenical Temple
  3374 | Temple   | Became a worshipper of Dithmenos the Shadowed
  3577 | D:4      | Reached skill level 5 in Fighting
  3581 | D:4      | Reached skill level 5 in Long Blades
  3597 | D:4      | Noticed a black bear
  3607 | D:4      | Killed a black bear
  3772 | D:4      | Noticed an ogre
  3778 | D:4      | Killed an ogre
  3778 | D:4      | Reached XP level 7. HP: 49/51 MP: 7/7
  3849 | D:4      | Reached skill level 6 in Fighting
  4179 | D:4      | Upgraded the game from 0.17-a0-1763-g847a857 to 0.17-a0-1767-gccbed74
  4182 | D:5      | Entered Level 5 of the Dungeon
  4405 | D:5      | Reached XP level 8. HP: 10/58 MP: 8/8
  4768 | D:5      | Reached skill level 7 in Long Blades
  6171 | D:6      | Noticed Edmund
  6183 | D:6      | Killed Edmund
  6183 | D:6      | Reached skill level 8 in Fighting
  6378 | D:6      | Noticed Pikel
  6396 | D:6      | Slain by a slave

Vault maps used:
D:1:      matt_arrival_diagonals
D:2:      lemuel_tele_altar
D:3:      bh_chokoban, serial_bayou_lake_a
D:4:      minitemple, temple_hall, minmay_misc_feat_nine_boxes
D:5:      first_bread
D:6:      nicolae_overflow_crystal_walls, led_sif_book, serial_bayou_pond_d,
          uniq_edmund, uniq_blork_the_orc, uniq_pikel
Temple:   triangle_lava_temple_12

Action                   |  1- 3 |  4- 6 |  7- 9 || total
-------------------------+-------+-------+-------++-------
Melee: Long sword        |    63 |   147 |   151 ||   361
Throw: Tomahawk          |       |       |     1 ||     1
Evoke: Wand              |       |       |     2 ||     2
  Use: Scroll            |     6 |     5 |     2 ||    13
       Potion            |       |       |     4 ||     4
 Stab: Sleeping          |     4 |    10 |     3 ||    17
  Eat: Chunk             |     1 |     8 |     2 ||    11
       Meat ration       |       |       |     1 ||     1
       Pizza             |       |       |     1 ||     1
